 Dungeon Crawl Stone Soup version 0.27-a0-287-gd4424db430 (webtiles) character file.

Game seed: 16158074435038538127

2216 Anon1729 the Conjurer (level 8, -6/57 HPs)
             Began as a Demigod Conjurer on Feb 8, 2021.
             Mangled by an orc warrior
             ... wielding a +0 broad axe
              (13 damage)
             ... on level 8 of the Dungeon.
             The game lasted 00:13:19 (7872 turns).

Anon1729 the Conjurer (Demigod Conjurer)            Turns: 7872, Time: 00:13:20

Health: -6/57      AC:  5    Str: 10    XL:     8   Next: 90%
Magic:  7/20       EV: 14    Int: 26    God:
Gold:   224        SH:  0    Dex: 14    Spells: 9/19 levels left

rFire    . . .     SeeInvis .   n - +0 spear
rCold    + . .     Faith    .   (no shield)
rNeg     . . .     Spirit   .   G - +2 robe {rC+}
rPois    .         Reflect  .   d - +0 helmet
rElec    .         Harm     +   E - scarf {harm}
rCorr    .         Rampage  .   (no gloves)
Will     .....                  (no boots)
Stlth    +++.......             (no amulet)
HPRegen  0.19/turn              (no ring)
MPRegen  0.17/turn              (no ring)

@: no status effects
A: high mp 1
a: no special abilities


You were on level 8 of the Dungeon.
You visited 1 branch of the dungeon, and saw 8 of its levels.

You collected 224 gold pieces.

Inventory:

Hand Weapons
 n - a +0 spear (weapon)
Missiles
 v - 13 poisoned darts
Armour
 a - a +0 robe
 d - a +0 helmet (worn)
 t - a cursed +0 plate armour
 E - a scarf of harm (worn)
 G - a +2 robe of cold resistance (worn)
Jewellery
 q - an uncursed ring of fire
 y - an uncursed ring of resist corrosion
Wands
 s - a wand of random effects (10)
 x - a wand of acid (2)
Scrolls
 f - 10 scrolls of identify {unknown}
 g - 5 scrolls of teleportation {unknown}
 h - a scroll of blinking {unknown}
 i - 4 scrolls of enchant armour {unknown}
 k - 2 scrolls of fear {unknown}
 l - a scroll of magic mapping {unknown}
 m - 4 scrolls of enchant weapon {unknown}
 o - a scroll of fog {unknown}
 p - a scroll of amnesia {unknown}
 C - a scroll of remove curse {unknown}
Potions
 b - 2 potions of attraction {unknown}
 c - 2 potions of cancellation {unknown}
 e - 3 potions of heal wounds {unknown}
 j - 3 potions of curing {unknown}
 r - 2 potions of resistance {unknown}
 u - 2 potions of lignification {unknown}
 w - 2 potions of degeneration {unknown}
 z - a potion of haste {unknown}
 A - a potion of berserk rage {unknown}
 B - a potion of brilliance {unknown}
 D - a potion of might {unknown}
 F - a potion of ambrosia {unknown}


   Skills:
 + Level 1.5 Armour
 + Level 4.5 Dodging
 - Level 5.0 Stealth
 * Level 6.0 Spellcasting
 * Level 7.3 Conjurations
 + Level 1.5 Hexes


You had 9 spell levels left.
You knew the following spells:

 Your Spells              Type           Power        Failure   Level
a - Magic Dart            Conj           100%         1%          1
b - Searing Ray           Conj           90%          1%          2
c - Dazzling Flash        Conj/Hex       60%          3%          3
d - Fulminant Prism       Conj/Hex       15%          11%         4

Your spell library contained the following spells:

 Spells                   Type           Power        Failure   Level
 Foxfire                  Conj/Fire      100%         1%          1
 Conjure Flame            Conj/Fire      26%          4%          3
 Inner Flame              Hex/Fire       11%          16%         3
 Iskenderun's Mystic Bla  Conj/Tloc      26%          16%         4
 Sticky Flame             Conj/Fire      26%          16%         4
 Fireball                 Conj/Fire      13%          41%         5


Dungeon Overview and Level Annotations

Branches:
Dungeon (8/15)             Temple (0/1) D:5
   Lair: D:8-11


Innate Abilities, Weirdness & Mutations

You have an increased reservoir of magic. (+10% MP)


Message History

You conjure a prism of explosive energy!
A fulminant prism comes into view.
The orc warrior hits you with a +0 broad axe!!
* * * LOW HITPOINT WARNING * * *
Unknown command.
Unknown command.
Casting: Fulminant Prism (dangerous; 11% risk of failure)
Confirm with . or Enter, or press ? or * to list all spells.
Aiming: Searing Ray (safe; 1% risk of failure)
Press: ? - help, Shift-Dir - straight line The searing ray hits the orc warrior.
The orc warrior is lightly wounded. (Press . to maintain the ray.)
The orc warrior hits you with a +0 broad axe.
* * * LOW HITPOINT WARNING * * *
Your fulminant prism crackles loudly.
The searing ray hits the orc warrior.
The orc warrior is moderately wounded.
The orc warrior hits you with a +0 broad axe!
You die... # .# ###!.# #@o.*# ###.## .. ##

You could see an orc warrior and a friendly fulminant prism.

Vanquished Creatures
  Pikel (D:7)
  Prince Ribbit (D:7)
  Grinder (D:3)
  Sigmund (D:5)
  An ice beast (D:6)
  3 ogres
  A centaur (D:5)
  4 lemures (D:7)
  A bullfrog (D:6)
  A scorpion (D:4)
  A centaur zombie (D:6)
  5 hounds
  2 orc priests (D:5)
  2 jellies
  A bullfrog skeleton (D:5)
  A centaur skeleton (D:4)
  An iguana (D:6)
  An orc wizard (D:5)
  2 worker ants
  A hound skeleton (D:4)
  A howler monkey skeleton (D:5)
  3 gnolls (D:3)
  5 adders
  3 white imps
  5 worms
  A dart slug (D:1)
  5 leopard geckos
  11 orcs
  7 bats
  8 giant cockroaches
  7 goblins
  7 hobgoblins
  4 jackals (D:4)
  6 kobolds
  3 ball pythons
  5 frilled lizards
  A jackal skeleton (D:6)
  A quokka skeleton (D:4)
  8 rats
123 creatures vanquished.

Vanquished Creatures (others)
  6 fulminant prisms
6 creatures vanquished.

Grand Total: 129 creatures vanquished

Notes
Turn   | Place    | Note
-------+----------+-------------------------------------------
     0 | D:1      | Anon1729 the Demigod Conjurer began the quest for the Orb.
     0 | D:1      | Reached XP level 1. HP: 14/14 MP: 5/5
   233 | D:1      | Reached XP level 2. HP: 20/20 MP: 2/7
   236 | D:1      | Learned a level 2 spell: Searing Ray
  1142 | D:2      | Reached skill level 4 in Conjurations
  1251 | D:2      | Found a shadowy altar of Dithmenos.
  1380 | D:2      | Reached XP level 3. HP: 26/26 MP: 1/8
  1666 | D:2      | Reached XP level 4. HP: 33/33 MP: 5/10
  2253 | D:3      | Noticed Grinder
  2714 | D:3      | Found a burning altar of Makhleb.
  2847 | D:3      | Found a stormy altar of Qazlal.
  2883 | D:3      | Reached XP level 5. HP: 28/38 MP: 5/12
  3261 | D:3      | Learned a level 3 spell: Dazzling Flash
  3266 | D:3      | Learned a level 4 spell: Fulminant Prism
  3325 | D:3      | Killed Grinder
  3326 | D:3      | Reached skill level 5 in Conjurations
  3326 | D:3      | Reached XP level 6. HP: 45/45 MP: 1/14
  3445 | D:4      | Found a snail-covered altar of Cheibriados.
  4506 | D:4      | Found a shimmering blue altar of Sif Muna.
  4827 | D:5      | Entered Level 5 of the Dungeon
  4842 | D:5      | Reached XP level 7. HP: 35/50 MP: 8/16
  5380 | D:5      | Noticed Sigmund
  5632 | D:5      | Found a staircase to the Ecumenical Temple.
  5940 | D:5      | Killed Sigmund
  5941 | D:5      | Reached skill level 6 in Conjurations
  6281 | D:6      | Found a bloodstained altar of Trog.
  6312 | D:6      | Reached skill level 5 in Spellcasting
  6312 | D:6      | Reached XP level 8. HP: 57/57 MP: 11/19
  7214 | D:7      | Noticed Prince Ribbit
  7222 | D:7      | Killed Prince Ribbit
  7379 | D:7      | Found a basalt altar of Yredelemnul.
  7449 | D:7      | Reached skill level 7 in Conjurations
  7458 | D:7      | Reached skill level 1 in Armour
  7458 | D:7      | Reached skill level 1 in Hexes
  7579 | D:7      | Noticed Pikel
  7640 | D:7      | Killed Pikel
  7641 | D:7      | Reached skill level 5 in Stealth
  7839 | D:7      | Found a sacrificial altar of Ru.
  7841 | D:7      | Found a broken altar of Ashenzari.
  7872 | D:8      | Mangled by an orc warrior

Illustrated notes

Levels and vault maps discovered:
D:1:      wander_arrival_lonely_grave, layout_basic
D:2:      layout_loops_cross, nicolae_overflow_crystal_walls
D:3:      layout_basic, grunt_qazlal_sundering, bloody_makhleb, uniq_grinder
D:4:      layout_loops_ring, nicolae_overflow_hidden_temple,
          lemuel_blue_sif_altar
D:5:      layout_rooms, minmay_temple_entry_proselytizer,
          cheibrodos_sewer_entry_bend, uniq_sigmund
D:6:      layout_basic, kennysheep_mini
D:7:      layout_gridville, chequers_temple_overflow_statue_of_worship,
          overflow_temple_1_default, moated_statue, uniq_prince_ribbit1,
          uniq_pikel
D:8:      layout_basic, lemuel_zombie_altar_kikubaaqudgha, erik_lair_island

Skill      XL: |  1  2  3  4  5  6  7  8 |
---------------+-------------------------+-----
Spellcasting   | 2 3 4 5 6 |  6.0
Stealth        | 2 3 4 5 |  5.0
Dodging        | 2 3 4 |  4.5
Conjurations   | 4 5 6 7 |  7.3
Armour         | 1 |  1.5
Hexes          | 1 |  1.5

Action                   |  1- 3 |  4- 6 |  7- 9 || total
-------------------------+-------+-------+-------++-------
Melee: Spear             |       |   101 |    36 ||   137
       Unarmed           |       |     5 |       ||     5
 Cast: Magic Dart        |    53 |    70 |    29 ||   152
       Searing Ray       |     2 |    10 |    26 ||    38
       Fulminant Prism   |       |     1 |     6 ||     7
       Dazzling Flash    |       |       |     2 ||     2
 Stab: Sleeping          |       |     3 |     1 ||     4
Armor: Robe              |       |    25 |     8 ||    33
Dodge: Dodged            |     3 |   121 |    45 ||   169

Table legend: (Time is in decaauts)
 A = Elapsed time spent in this place.
 B = Non-inter-level travel time spent in this place.
 C = Inter-level travel time spent in this place.
 D = Time resting spent in this place.
 E = Time spent auto-exploring this place.
 F = Levels seen in this place.
 G = Mean time per level.
                   A        B        C        D        E       F      G
               +--------+--------+--------+--------+--------+-----+--------+
         Total |   7890 |   7709 |    181 |    590 |   6089 |   8 |  986.2 |
       Dungeon |   7890 |   7709 |    181 |    590 |   6089 |   8 |  986.2 |
               +--------+--------+--------+--------+--------+-----+--------+

Top non-repeatable levels by time:
     D:4: 1569 daAuts
     D:3: 1329 daAuts
     D:6: 1138 daAuts
     D:1: 1088 daAuts
     D:5: 1080 daAuts
     D:2: 1026 daAuts
     D:7: 653 daAuts
     D:8: 4 daAuts
